 Dungeon Crawl Stone Soup version 0.31-a0-4-gefa6de2278 (webtiles) character file.

Game seed: 17425063357403015806

55 mopl the Chopper (level 4, -1/33 HPs)
             Began as a Formicid Warper on May 4, 2023.
             Slain by Terence
             ... wielding a +0 falchion
              (3 damage)
             ... on level 3 of the Dungeon.
             The game lasted 00:01:44 (1415 turns).

mopl the Chopper (Formicid Warper)                  Turns: 1415, Time: 00:01:45

Health: -1/33      AC:  5    Str: 16    XL:     4   Next: 14%
Magic:  7/7        EV: 11    Int: 14    God:
Gold:   166        SH:  0    Dex: 13    Spells: 2/7 levels left

rFire   + . .        p - +0 bardiche
rCold   + . .        (no shield)
rNeg    . . .        g - +0 ring mail
rPois   .            (helmet unavailable)
rElec   .            e - scarf {rC+ rF+}
rCorr   .            (no gloves)
SInv    +            (no boots)
Will    .....        (no amulet)
Stlth   +            (no ring)
HPRegen 0.25/turn    (no ring)
MPRegen 0.10/turn

%: no passive effects
@: no status effects
A: permanent stasis, dig shafts and tunnels, antennae 3, four strong arms
a: Dig, Shaft Self


You were on level 3 of the Dungeon.
You visited 1 branch of the dungeon, and saw 3 of its levels.

You collected 166 gold pieces.

Inventory:

Hand Weapons
 a - a +0 hand axe
 p - a +0 bardiche (weapon)
Missiles
 d - 7 boomerangs of dispersal (quivered)
Armour
 e - a scarf of resistance (worn)
 g - a +0 ring mail (worn)
 l - a +0 scale mail
 r - a +0 pair of boots
Jewellery
 h - a ring of fire
Scrolls
 b - a scroll of vulnerability {unknown}
 c - a scroll of blinking
 f - 3 scrolls of identify {unknown}
 j - a scroll of torment {unknown}
 k - 2 scrolls of noise {unknown}
 n - a scroll of poison {unknown}
Potions
 i - a potion of might {unknown}
 m - a potion of curing {unknown}
 o - a potion of ambrosia {unknown}
 q - 2 potions of cancellation {unknown}


   Skills:
 - Level 2.1 Fighting
 * Level 3.5 Axes
 - Level 1.0 Throwing
 - Level 1.1 Armour
 - Level 1.7 Dodging
 - Level 2.1 Spellcasting
 + Level 3.2 Translocations


You had 2 spell levels left.
You knew the following spells:

 Your Spells              Type           Power      Damage    Failure   Level
b - Lesser Beckoning      Tloc           20%        N/A       19%         2
c - Teleport Other        Tloc           10%        N/A       34%         3

Your spell library contained the following spells:

 Spells                   Type           Power      Damage    Failure   Level
 Manifold Assault         Tloc           10%        N/A       75%         4
 Blink                    Tloc           Unusable   N/A       N/A         2
 Vhi's Electric Charge    Tloc/Air       Unusable   N/A       N/A         3

Dungeon Overview and Level Annotations

Branches:
Dungeon (3/15)

Altars:

Annotations:
D:3 Terence


Innate Abilities, Weirdness & Mutations

You cannot be hasted, slowed, berserked, paralysed or teleported.
You can dig through walls and to a lower floor.
You have a pair of large antennae on your head. (SInv)
Your four strong arms can wield two-handed weapons with a shield.


Message History

Terence is moderately wounded.
Terence barely misses you. Terence hits you with a +0 falchion.
You completely miss Terence.
Terence is moderately wounded.
Terence says, "How do you enjoy it?" Terence hits you but does no damage.
Terence shouts, "Get ready for death!"
Terence barely misses you.
You barely miss Terence.
Terence is moderately wounded.
Terence hits you with a +0 falchion. Terence hits you but does no damage.
You barely miss Terence.
Terence is moderately wounded.
Terence hits you with a +0 falchion. Terence closely misses you.
You are too injured to fight recklessly!
You are too injured to fight recklessly!
You barely miss Terence.
Terence is moderately wounded.
Terence closely misses you.
You hit Terence.
Terence is severely wounded.
Terence misses you. Terence closely misses you.
You completely miss Terence.
Terence is severely wounded.
Terence hits you with a +0 falchion. x2
You hit Terence but do no damage.
Terence is severely wounded.
Terence hits you with a +0 falchion.
* * * LOW HITPOINT WARNING * * *
Terence hits you with a +0 falchion.
* * * LOW HITPOINT WARNING * * *
You barely miss Terence.
Terence is severely wounded.
Terence hits you with a +0 falchion.
* * * LOW HITPOINT WARNING * * *
Terence barely misses you.
You barely miss Terence.
Terence is severely wounded.
Terence hits you with a +0 falchion.
You die...

###
#.######
#..@@..#
#.####.#
#.# #.# #.#
#.#########
#.#
#.........#
#.#
#########.#
......@(#
#...#
......#!#
#.###
......#.#
#<#


You could see Terence.

Vanquished Creatures
  An adder (D:2)
  3 worms (D:2)
  4 ball pythons
  2 endoplasms (D:1)
  A giant cockroach (D:2)
  A goblin (D:2)
  7 hobgoblins
  2 jackals (D:1)
  4 kobolds
  A quokka (D:2)
  4 bats
  4 rats
34 creatures vanquished.

Notes
Turn   | Place    | Note
-------+----------+-------------------------------------------
     0 | D:1      | mopl the Formicid Warper began the quest for the Orb.
     0 | D:1      | Reached XP level 1. HP: 16/16 MP: 3/3
   157 | D:1      | Reached XP level 2. HP: 22/22 MP: 5/5
   316 | D:1      | Reached skill level 3 in Translocations
   526 | D:1      | Reached XP level 3. HP: 27/27 MP: 6/6
   529 | D:1      | Learned a level 2 spell: Lesser Beckoning
   533 | D:1      | Learned a level 3 spell: Teleport Other
   721 | D:2      | Reached skill level 3 in Axes
  1108 | D:2      | Reached XP level 4. HP: 33/33 MP: 7/7
  1389 | D:3      | Noticed Terence
  1415 | D:3      | Slain by Terence

Illustrated notes

Levels and vault maps discovered:
D:1:      denvon_arrival_planthouse, layout_basic, grunt_decor_junction
D:2:      layout_basic
D:3:      layout_basic, gammafunk_ghost_gnarly_gnolls, uniq_terence,
          uniq_sigmund, uniq_natasha

Skill      XL: |  1  2  3 |
---------------+----------+-----
Translocations | 3 |  3.2
Axes           | 3 |  3.5
Fighting       | |  2.1
Throwing       | |  1.0
Armour         | |  1.1
Dodging        | |  1.7
Spellcasting   | |  2.1

Action                     |  1- 3 |  4- 6 || total
---------------------------+-------+-------++-------
  Melee: Hand axe          |   116 |    23 ||   139
         Bardiche          |       |    13 ||    13
         Punch             |       |     2 ||     2
 Armour: Ring mail         |    54 |     5 ||    59
  Dodge: Dodged            |    81 |    22 ||   103

Table legend: (Time is in decaauts)
 A = Elapsed time spent in this place.
 B = Non-inter-level travel time spent in this place.
 C = Inter-level travel time spent in this place.
 D = Time resting spent in this place.
 E = Time spent auto-exploring this place.
 F = Levels seen in this place.
 G = Mean time per level.
                   A        B        C        D        E       F      G
               +--------+--------+--------+--------+--------+-----+--------+
         Total |   1445 |   1396 |     49 |    128 |    903 |   3 |  481.7 |
       Dungeon |   1445 |   1396 |     49 |    128 |    903 |   3 |  481.7 |
               +--------+--------+--------+--------+--------+-----+--------+

Top non-repeatable levels by time:
     D:1: 721 daAuts
     D:2: 662 daAuts
     D:3: 61 daAuts
